 Dungeon Crawl Stone Soup version 0.19.5 (console) character file.

899 Grinner the Ducker (level 7, -12/35 HPs)
             Began as a Spriggan Fighter on Mar 5, 2017.
             Shot with an arrow by a centaur (15 damage)
             ... on level 5 of the Dungeon.
             The game lasted 00:08:38 (3963 turns).

Grinner the Ducker (Spriggan Fighter)               Turns: 3963, Time: 00:08:39

Health: -12/35     AC:  3    Str: 12    XL:     7   Next: 79%
Magic:  8/8        EV: 24    Int:  9    God:
Gold:   194        SH:  0    Dex: 18    Spells: 0 memorised, 6 levels left

rFire  . . .     SeeInvis +     j - +4 dagger (vamp)
rCold  . . .     Gourm    .     b - +0 robe
rNeg   . . .     Faith    .     (shield restricted)
rPois  .         Spirit   .     (helmet restricted)
rElec  .         Reflect  .     o - +0 cloak (curse)
rCorr  .         Harm     .     (gloves unavailable)
MR     ++...                    (boots unavailable)
Stlth  +++.......               (no amulet)
                                (no ring)
                                p - ring of protection from magic

@: very quick
A: unfitting armour, see invisible, herbivore 3, speed 3, slow metabolism 2
a: no special abilities


You were on level 5 of the Dungeon.
You were not hungry.

You visited 1 branch of the dungeon, and saw 5 of its levels.

You collected 194 gold pieces.

Inventory:

Hand Weapons
 a - a +0 rapier
 j - a +4 vampiric dagger (weapon)
 t - a +1 short sword of venom
Armour
 b - a +0 robe (worn)
 c - a +0 buckler
 o - a cursed +0 cloak (worn)
Jewellery
 p - a ring of protection from magic (left hand)
Wands
 h - a wand of flame (11/48)
Scrolls
 e - 4 scrolls of remove curse
 i - 2 scrolls of enchant armour {unknown}
 k - a scroll of amnesia
 m - a scroll of fog {unknown}
 n - a scroll of identify
 q - a scroll of brand weapon {unknown}
 v - a scroll of teleportation {unknown}
Potions
 d - a potion of might
 g - 4 potions of agility {unknown}
 l - 2 potions of beneficial mutation {unknown}
Books
 u - a book of Necromancy

   Spells                             Type                      Level
   a - Pain                           Necromancy                   1
   b - Animate Skeleton               Necromancy                   1
   c - Vampiric Draining              Necromancy                   3
   d - Regeneration                   Charms/Necromancy            3
   e - Animate Dead                   Necromancy                   4
   f - Control Undead                 Necromancy                   4
Comestibles
 r - 4 fruits
 s - a bread ration


   Skills:
 - Level 2.4 Fighting
 * Level 7.4 Short Blades
 + Level 7.7 Dodging
 + Level 6.2 Stealth
 - Level 2.1 Shields


You had 6 spell levels left.
You didn't know any spells.

Dungeon Overview and Level Annotations

Branches:
Dungeon (5/15)
 Temple: D:4-7

Altars:
Ashenzari
Kikubaaqudgha
Vehumet
The Shining One

Shops:
D:4 *


Innate Abilities, Weirdness & Mutations

You are very small and have problems with some larger weapons.
You are too small for most types of armour.
You have supernaturally acute eyesight. (SInv)
You are a herbivore.
You cover ground extremely quickly.
You need consume almost no food.


Message History

You hit the bullfrog skeleton.
The bullfrog skeleton is severely damaged.
The bullfrog skeleton closely misses you.
You barely miss the bullfrog skeleton.
The bullfrog skeleton is severely damaged.
The wyvern zombie misses you. The bullfrog skeleton hits you.
You hit the bullfrog skeleton.
The bullfrog skeleton is almost destroyed.
The wyvern zombie bites you.
* * * LOW HITPOINT WARNING * * *
You feel better.
The bullfrog skeleton closely misses you.
The wyvern zombie misses you.
The bullfrog skeleton completely misses you.
You hit the bullfrog skeleton.
You destroy the bullfrog skeleton!
The wyvern zombie bites you!
* * * LOW HITPOINT WARNING * * *
The centaur shoots an arrow.
The arrow hits you!
You die...

#.#.#
#.#.#
.#.##
....#
...#
#..#
#(.#
#@Z##
##).#
#c).#
##..>#
.....
###....
#...
... ..


You could see a centaur and a wyvern zombie.

Vanquished Creatures
  Grinder (D:4)
  Duvessa (D:4)
  An ogre (D:4)
  A bullfrog (D:3)
  Dowan (D:4)
  A howler monkey (D:4)
  A crimson imp (D:3)
  A hound (D:4)
  A bullfrog skeleton (D:5)
  2 orc wizards
  A worker ant (D:4)
  Robin (D:4)
  5 adders
  A shadow imp (D:3)
  An adder skeleton (D:4)
  4 worms
  2 dart slugs
  2 leopard geckos
  10 orcs
  4 bats
  4 giant cockroaches
  13 hobgoblins
  2 jackals (D:1)
  8 kobolds
  3 quokkas
  5 frilled lizards
  15 goblins
  A quokka skeleton (D:4)
  4 rats
97 creatures vanquished.

Vanquished Creatures (others)
  An orc (D:5)
1 creature vanquished.

Grand Total: 98 creatures vanquished

Notes
Turn   | Place    | Note
-------+----------+-------------------------------------------
     0 | D:1      | Grinner the Spriggan Fighter began the quest for the Orb.
     0 | D:1      | Reached XP level 1. HP: 11/11 MP: 2/2
   242 | D:1      | Reached XP level 2. HP: 6/16 MP: 3/3
   764 | D:1      | Reached skill level 1 in Stealth
  1009 | D:1      | Reached XP level 3. HP: 16/19 MP: 4/4
  1437 | D:2      | Reached skill level 5 in Dodging
  1438 | D:2      | Found an ancient bone altar of Kikubaaqudgha.
  2143 | D:3      | Reached XP level 4. HP: 23/23 MP: 5/5
  2302 | D:3      | Noticed a bullfrog
  2318 | D:3      | Killed a bullfrog
  2318 | D:3      | Reached XP level 5. HP: 27/27 MP: 6/6
  2515 | D:3      | Reached skill level 5 in Short Blades
  2821 | D:3      | Found a radiant altar of Vehumet.
  2821 | D:3      | Found a faded altar of an unknown god.
  2826 | D:3      | Found a faded altar of an unknown god.
  2828 | D:3      | Found a faded altar of an unknown god.
  2829 | D:3      | Found a faded altar of an unknown god.
  3037 | D:4      | Found a shattered altar of Ashenzari.
  3038 | D:4      | Found a glowing golden altar of the Shining One.
  3051 | D:4      | Noticed Grinder
  3053 | D:4      | Noticed Robin
  3100 | D:4      | Killed Robin
  3136 | D:4      | Killed Grinder
  3136 | D:4      | Reached XP level 6. HP: 8/32 MP: 7/7
  3466 | D:4      | Noticed Dowan
  3476 | D:4      | Noticed Duvessa
  3489 | D:4      | Reached skill level 5 in Stealth
  3497 | D:4      | Killed Duvessa
  3497 | D:4      | Reached XP level 7. HP: 35/35 MP: 8/8
  3502 | D:4      | Killed Dowan
  3542 | D:4      | Found Upema's General Store.
  3931 | D:5      | Entered Level 5 of the Dungeon
  3963 | D:5      | Shot with an arrow by a centaur

Skill      XL: |  1  2  3  4  5  6  7 |
---------------+----------------------+-----
Short Blades   | 3 4 6 7 |  7.4
Stealth        | 1 2 3 4 5 6 |  6.2
Dodging        | 5 6 7 |  7.7
Fighting       | |  2.4
Shields        | |  2.1

Action                   |  1- 3 |  4- 6 |  7- 9 || total
-------------------------+-------+-------+-------++-------
Melee: Rapier            |    38 |       |       ||    38
       Dagger            |    60 |   211 |    54 ||   325
  Use: Scroll            |     5 |       |       ||     5
       Potion            |       |     2 |     2 ||     4
 Stab: Sleeping          |     2 |     2 |       ||     4
  Eat: Bread ration      |     1 |       |       ||     1
Armor: Robe              |    10 |    12 |     2 ||    24
Dodge: Dodged            |    81 |   124 |    55 ||   260
Block: Buckler           |    24 |    23 |       ||    47
